 Dungeon Crawl Stone Soup version 0.31.0-32-g396128a36d (webtiles) character file.

Game seed: 12516294284671356058

60 kaosmaskin the Covered (level 3, -1/33 HPs)
             Began as a Minotaur Fighter on Apr 10, 2024.
             Slain by a gnoll
             ... wielding a +0 spear
              (7 damage)
             ... on level 2 of the Dungeon.
             The game lasted 00:03:37 (698 turns).

kaosmaskin the Covered (Minotaur Fighter)            Turns: 698, Time: 00:03:38

Health: -1/33      AC:  7    Str: 22    XL:     3   Next: 80%
Magic:  2/2        EV:  9    Int:  5    God:
Gold:   70         SH:  4    Dex:  9    Spells: 2/2 levels left

rFire   . . .        a - +0 war axe
rCold   . . .        c - +0 buckler
rNeg    . . .        b - +0 scale mail
rPois   .            (helmet restricted)
rElec   .            (no cloak)
rCorr   .            (no gloves)
SInv    .            (no boots)
Will    .....        (no amulet) Stlth
                     (no ring)
HPRegen 0.25/turn    (no ring)
MPRegen 0.08/turn

%: no passive effects
@: no status effects
A: horns 2, retaliatory headbutt
a: no special abilities


You were on level 2 of the Dungeon.
You visited 1 branch of the dungeon, and saw 2 of its levels.

You collected 70 gold pieces.

Inventory:

Hand Weapons
 a - a +0 war axe (weapon)
Armour
 b - a +0 scale mail (worn)
 c - a +0 buckler (worn)
Scrolls
 f - a scroll of vulnerability {unknown}
 k - a scroll of identify {unknown}
Potions
 d - a potion of might
 e - a potion of resistance {unknown}
 g - a potion of haste {unknown}
 h - 2 potions of curing {unknown}
 i - a potion of invisibility {unknown}
 j - a potion of berserk rage {unknown}
 l - 2 potions of heal wounds {unknown}


   Skills:
 + Level 4.1 Fighting
 + Level 3.8 Axes
 + Level 4.2 Armour
 + Level 4.0 Shields


You had 2 spell levels left.
You didn't know any spells.
Your spell library contained the following spells:

 Spells                   Type           Power      Damage    Failure   Level
 Call Canine Familiar     Summ           0%         N/A       99%         3
 Sigil of Binding         Hex            0%         N/A       99%         3
 Dimensional Bullseye     Hex/Tloc       0%         N/A       100%        4


Dungeon Overview and Level Annotations

Branches:
Dungeon (1/15)

Altars:

Shops:
D:1 (


Innate Abilities, Weirdness & Mutations

You have a pair of horns on your head.
You reflexively headbutt those who attack you in melee.


Message History

You kill the gnoll!
Your Axes skill increases to level 3!
The gnoll shouts!
The gnoll throws a throwing net.
The throwing net hits you.
You become entangled in the net!
Things that are here:
a throwing net; a +0 flail; a gnoll corpse You struggle against the net.
The gnoll hits you with a +0 spear.
You struggle against the net.
The gnoll hits you with a +0 spear.
You tear a large gash into the net.
The gnoll hits you with a +0 spear. The gnoll hits you but does no damage.
You shred the net and break free! The gnoll hits you with a +0 spear.
The gnoll closely misses you. You furiously retaliate!
You headbutt the gnoll. The gnoll hits you but does no damage.
You barely miss the gnoll.
The gnoll is heavily wounded.
You closely miss the gnoll. The gnoll hits you with a +0 spear.
The gnoll hits you from afar with a +0 spear.
The gnoll barely misses you. The gnoll hits you with a +0 flail.
You completely miss the gnoll. You headbutt the gnoll!
The gnoll is almost dead.
You hit the gnoll but do no damage.
The gnoll hits you but does no damage. x2
You block the gnoll's attack.
You slash the gnoll!
You kill the gnoll!
You barely miss the gnoll. You block the gnoll's attack.
The gnoll barely misses you. You furiously retaliate!
You headbutt the gnoll. The gnoll barely misses you.
You hit the gnoll.
You kill the gnoll!
The gnoll hits you from afar with a +0 spear!
* * * LOW HITPOINT WARNING * * *
The gnoll hits you but does no damage.
You hit the gnoll. Your headbutt misses the gnoll.
The gnoll is lightly wounded.
The gnoll hits you but does no damage.
You hit the gnoll.
The gnoll is moderately wounded.
The gnoll hits you with a +0 spear!
You die...

#.# .......... #g#
#........# #.# #........#
#.# #........# #.#
#........# ####.####
#........#
#######.......###)......#
...............g@)......#
#######........##)......#
######..###.......# ...##
..[.....# ..####
#...###### # #...# #...#
...# ##### ####


You could see a gnoll.

Vanquished Creatures
  3 gnolls (D:2)
  2 ribbon worms (D:2)
  3 ball pythons
  2 endoplasms (D:1)
  2 giant cockroaches (D:1)
  3 goblins
  3 hobgoblins
  A quokka (D:1)
  3 bats (D:2)
  3 frilled lizards (D:1)
  2 kobolds
27 creatures vanquished.

Notes
Turn   | Place    | Note
-------+----------+-------------------------------------------
     0 | D:1      | kaosmaskin the Minotaur Fighter began the quest for the
                  | Orb.
     0 | D:1      | Reached XP level 1. HP: 19/19 MP: 0/0
   208 | D:1      | Found Felatav's Weapon Emporium.
   255 | D:1      | Reached XP level 2. HP: 27/27 MP: 1/1
   401 | D:1      | You fall into a shaft and drop 1 floor!
   582 | D:2      | Reached XP level 3. HP: 33/33 MP: 2/2
   698 | D:2      | Slain by a gnoll

Illustrated notes

Levels and vault maps discovered:
D:1:      giann_bridges, layout_basic, serial_shops, shop
D:2:      layout_basic, basic_altar, minmay_mini_jars

Skill      XL: |  1  2  3 |
---------------+----------+-----
Fighting       | 4 |  4.1
Armour         | 4 |  4.2
Shields        | 4 |  4.0
Axes           | 3 |  3.8

Action                     || total
---------------------------++-------
  Melee: War axe           ||    53
         Headbutt          ||     7
 Armour: Scale mail        ||    62
  Dodge: Dodged            ||    24
  Block: Buckler           ||    15
